 Dungeon Crawl Stone Soup version 0.24-a0-434-gd57e52fea8 (webtiles) character file.

Game seed: 12368808146783795272

4 mhoghedin the Grave Robber (level 1, 0/14 HPs)
             Began as a Draconian Necromancer on June 16, 2019.
             Slain by a dart slug (1 damage)
             ... on level 1 of the Dungeon.
             The game lasted 00:01:10 (241 turns).

mhoghedin the Grave Robber (Draconian Necromancer)   Turns: 241, Time: 00:01:11

Health: 0/14       AC:  4    Str: 10    XL:     1   Next: 50%
Magic:  0/3        EV: 12    Int: 15    God:
Gold:   0          SH:  0    Dex: 11    Spells: 3/4 levels left

rFire    . . .     SeeInvis .   (no weapon)
rCold    . . .     Gourm    .   (no shield)
rNeg     . . .     Faith    .   (armour unavailable)
rPois    .         Spirit   .   (helmet restricted)
rElec    .         Reflect  .   (no cloak)
rCorr    .         Harm     .   (no gloves)
MR       .....                  (no boots)
Stlth    ++........             (no amulet)
HPRegen  0.04/turn              (no ring)
MPRegen  0.08/turn              (no ring)

@: no status effects
A: unfitting armour, cold-blooded, AC +4
a: no special abilities


You were on level 1 of the Dungeon.
You were not hungry.

You visited 1 branch of the dungeon, and saw 1 of its levels.

Inventory:

Comestibles
 b - a ration
 c - 2 chunks of flesh {@w0}


   Skills:
 - Level 1.7 Dodging
 - Level 1.7 Stealth
 - Level 2.0 Spellcasting
 + Level 4.2 Necromancy


You had 3 spell levels left.
You knew the following spells:

 Your Spells              Type           Power        Failure   Level  Hunger
a - Pain                  Necr           ##..         4%          1    #......

Your spell library contained the following spells:

 Spells                   Type           Power        Failure   Level  Hunger
 Animate Skeleton         Necr           N/A          4%          1    #......
 Vampiric Draining        Necr           ##........   12%         3    ###....
 Regeneration             Chrm/Necr      #.........   28%         3    ###....
 Animate Dead             Necr           N/A          36%         4    #####..


Dungeon Overview and Level Annotations

Branches:
Dungeon (1/15)

Altars:


Innate Abilities, Weirdness & Mutations

Your plain brown scales are hard. (AC +4)
You cannot fit into any form of body armour.
You are cold-blooded and may be slowed by cold attacks.


Message History

The bat hits you but does no damage. The bat hits you but does no damage.
The bat hits you but does no damage. The bat hits you.
You take 1 damage, and have 9/14 hp.
The bat barely misses you. The bat hits you but does no damage.
You hit the bat but do no damage. You tail-slap the bat.
The bat barely misses you. The bat hits you but does no damage.
The bat barely misses you. The bat closely misses you.
The bat barely misses you.
Aim: a bat (severely wounded, chance to defeat MR: 83%)
The bat writhes in agony.
You kill the bat!
You take 1 damage, and have 8/14 hp.
You now have 0/3 mp.
You start resting.
The dart slug is too close now for your liking.
Aim: a dart slug (clinging, chance to defeat MR: 83%)
The dart slug writhes in agony.
You take 1 damage, and have 8/14 hp.
You now have 0/3 mp.
You hit the dart slug but do no damage. You barely miss the dart slug.
The dart slug bites you.
You take 2 damage, and have 6/14 hp.
You hit the dart slug but do no damage. You tail-slap the dart slug.
The dart slug bites you.
* * * LOW HITPOINT WARNING * * *
You take 3 damage, and have 3/14 hp.
MASSIVE DAMAGE!!
You hit the dart slug but do no damage. You hit the dart slug.
The dart slug misses you.
You hit the dart slug but do no damage. The dart slug launches a dart at you.
The slug dart misses you.
Aim: a dart slug (heavily wounded, clinging, chance to defeat MR: 83%)
The dart slug writhes in agony.
The dart slug barely misses you.
You take 1 damage, and have 2/14 hp.
You now have 0/3 mp.
You barely miss the dart slug. You tail-slap the dart slug.
You kill the dart slug!
You see here a dart slug corpse.
You butcher the dart slug corpse.
c - 2 chunks of flesh {@w0} You start resting.
A jackal comes into view.
You start resting.
The jackal is too close now for your liking.
You start resting.
You hear a bark! x2
The jackal is too close now for your liking.
You regained 2 hp, and now have 5/14 hp.
MP restored: 3 You start resting.
The jackal is too close now for your liking.
A jackal comes into view.
You start resting.
The jackal is too close now for your liking.
The jackal barks!
The jackal bites you but does no damage.
Aim: a jackal (chance to defeat MR: 85%)
The jackal barely resists.
The jackal bites you but does no damage.
The jackal barely misses you.
You take 1 damage, and have 6/14 hp.
You now have 2/3 mp.
Aim: a jackal (chance to defeat MR: 85%)
The jackal barely resists.
The jackal completely misses you.
You take 1 damage, and have 5/14 hp.
You now have 1/3 mp.
Aim: a jackal (chance to defeat MR: 85%)
The jackal barely resists.
The jackal bites you but does no damage.
The jackal barely misses you.
You take 1 damage, and have 4/14 hp.
You now have 0/3 mp.
The jackal bites you but does no damage.
The jackal bites you but does no damage.
The jackal closely misses you. The jackal closely misses you.
Aim: a jackal (chance to defeat MR: 85%)
The jackal writhes in agony.
The jackal barely misses you.
You take 1 damage, and have 4/14 hp.
You now have 0/3 mp.
You barely miss the jackal. The jackal barely misses you. The jackal bites you.
* * * LOW HITPOINT WARNING * * *
A dart slug comes into view.
You take 2 damage, and have 2/14 hp.
Unknown command.
The jackal bites you.
* * * LOW HITPOINT WARNING * * *
You take 1 damage, and have 1/14 hp.
The jackal closely misses you. The jackal closely misses you.
The jackal misses you. The jackal closely misses you.
The jackal barely misses you.
You aren't carrying any potions.
Okay, then.
Unknown command.
As you read the scroll labeled PIYS UDWE SICLEYKI, it crumbles to dust.
You feel blessed for a moment.
It was a scroll of remove curse.
The jackal misses you. x2
Aim: a jackal (lightly wounded, chance to defeat MR: 85%)
The jackal writhes in agony.
The jackal barely misses you.
You now have 0/3 mp.
The dart slug bites you.
You die...

...≈≈≈≈ #..P≈≈≈
#.....
#######+##.P≈≈≈
#..........≈≈≈≈
######..........≈≈≈≈
#...............P≈≈≈
#.#.w...............
#.h@##..............
######.........#####
...........#
###....##+## #.#...#
.....#


You could see a dart slug and a jackal.

Vanquished Creatures
  A dart slug (D:1)
  A bat (D:1)
  A frilled lizard (D:1)
3 creatures vanquished.

Notes
Turn   | Place    | Note
-------+----------+-------------------------------------------
     0 | D:1      | mhoghedin the Draconian Necromancer began the quest for the
                  | Orb.
     0 | D:1      | Reached XP level 1. HP: 14/14 MP: 3/3
    86 | D:1      | HP: 3/14 [dart slug (3)]
   229 | D:1      | HP: 2/14 [jackal (2)]
   241 | D:1      | Slain by a dart slug

Levels and vault maps discovered:
D:1:      giann_bridges, layout_basic, minmay_tetromino_s4

Action                   || total
-------------------------++-------
Melee: Unarmed           ||     9
       Tailslap          ||     3
 Cast: Pain              ||    13
  Use: Scroll            ||     1
Armor: Skin              ||    13
Dodge: Dodged            ||    30

Table legend:
 A = Non-vault XP
 B = Vault XP
 C = Vault XP percentage of total XP
 D = Non-vault monster count
 E = Vault monster count
 F = Vault count percentage of total count
                 A         B        C        D         E       F
            +---------+---------+-------+---------+---------+-------
      Total |       6 |       0 |   0.0 |       3 |       0 |   0.0
            +---------+---------+-------+---------+---------+-------
        D:1 |       6 |       0 |   0.0 |       3 |       0 |   0.0
            +---------+---------+-------+---------+---------+-------

Levels and vault maps discovered:
D:1:      giann_bridges, layout_basic, minmay_tetromino_s4

Table legend:
 A = Turns spent in this place as a percentage of turns spent in the entire game.
 B = Non-inter-level travel turns spent in this place as a percentage of non-inter-level travel turns spent in the entire game.
 C = Inter-level travel turns spent in this place as a percentage of turns spent in this place.
 D = Turns resting spent in this place as a percentage of non-inter-level travel turns spent in this place.
 E = Turns spent auto-exploring this place as a percentage of non-inter-level travel turns spent in this place.
 F = Non-inter-level travel turns spent in this place divided by the number of levels of this place that you've seen.
                   A       B       C       D       E      F
               +-------+-------+-------+-------+-------+----------------------
         Total | 100.0 | 100.0 |   0.0 |  52.3 |   3.7 | 241.0
       Dungeon | 100.0 | 100.0 |   0.0 |  52.3 |   3.7 | 241.0
               +-------+-------+-------+-------+-------+----------------------

Table legend:
 A = Kills in this place as a percentage of kills in entire the game.
 B = Kills by you in this place as a percentage of kills by you in the entire game.
 C = Kills by friends in this place as a percentage of kills by friends in the entire game.
 D = Other kills in this place as a percentage of other kills in the entire game.
 E = Experience gained in this place as a percentage of experience gained in the entire game.
 F = Experience gained in this place divided by the number of levels of this place that you have seen.
                   A       B       C       D       E      F
               +-------+-------+-------+-------+-------+----------------------
         Total | 100.0 | 100.0 |   N/A |   N/A | 100.0 |   6.0
       Dungeon | 100.0 | 100.0 |   N/A |   N/A | 100.0 |   6.0
               +-------+-------+-------+-------+-------+----------------------
